AoeStats
← poposchmatz3031

Hideout

509893288Analyzed
1v1 RM · 4d ago on Sep 28, 2026· 30m 43s· 2 players
Game mode
Random Map
Map size
Tiny (2 player)
Population
200
Speed
Normal
Resources
Standard
Victory
Conquest
Starting age
Dark Age
Ending age
Imperial Age
RankedLock teamsTeams togetherTeam positionsShared explorationLock speedFull tech treeHidden civsTurbo modeCheats
Victory
Defeat
🇩🇪 Bengalis · Germany
1152
+15
🇩🇪 Tatars · Germany
1120
-15
plutoniumdrache
10:35 Feudal Age
14:54 Castle Age
12:51 Double-Bit Axe
12:48 Horse Collar
15:37 Loom
18:29 Wheelbarrow
18:23 Bow Saw
19:24 Fletching
19:42 Scale Barding Armor
28:44 Bodkin Arrow
30:26 Padded Archer Armor
poposchmatz3031
7:08 Loom
9:39 Feudal Age
10:46 Double-Bit Axe
13:56 Fletching
17:17 Padded Archer Armor
19:43 Castle Age
18:21 Gold Mining
18:20 Horse Collar
19:54 Crossbowman
22:05 Bow Saw
22:32 Gold Shaft Mining
23:47 Ballistics
24:32 Heavy Plow
24:21 Pikeman
26:00 Bodkin Arrow
31:06 Padded Archer Armor
Connection lost

Rejoining the realm…

Still unreachable

The connection could not be restored.

Session expired

The server has moved on; the page needs a fresh start.